 Dungeon Crawl Stone Soup version 0.30-a0-591-g3c58d2bc28 (webtiles) character file.

Game seed: 8503796774724176766

2180 pokeman the Thaumaturge (level 9, -3/48 HPs)
             Began as a Deep Elf Hedge Wizard on Jan 5, 2023.
             Slain by a hornet zombie (8 damage)
             ... in an ossuary.
             The game lasted 00:16:46 (6775 turns).

pokeman the Thaumaturge (Deep Elf Hedge Wizard)     Turns: 6775, Time: 00:16:46

Health: -3/48      AC:  6    Str:  7    XL:     9   Next: 11%
Magic:  14/25      EV: 27    Int: 24    God:
Gold:   158        SH:  0    Dex: 20    Spells: 21/29 levels left

rFire   . . .      SeeInvis .    p - +4 short sword of the Sufficient God {holy, rElec rC+}
rCold   + . .      Faith    .    (no shield)
rNeg    . . .      Spirit   .    s - +2 leather armour {rPois}
rPois   +          Reflect  .    c - +0 hat
rElec   +          Harm     .    t - +0 cloak
rCorr   .          Rampage  .    (no gloves)
Will    .....                    (no boots)
Stlth   +                        y - amulet of the acrobat
HPRegen 0.28/turn                m - +6 ring of dexterity
MPRegen 0.19/turn                (no ring)

@: acrobatic, on blink cooldown, very slow
A: no striking features
a: no special abilities


You were in an ossuary.
You visited 2 branches of the dungeon, and saw 8 of its levels.
You also visited: Ossuary.

You collected 368 gold pieces.
You spent 210 gold pieces at shops.

Inventory:

Hand Weapons
 p - the +4 short sword of the Sufficient God (weapon) {holy, rElec rC+}
   (You found it on level 2 of the Dungeon)

   rC:        It protects you from cold.
   rElec:     It insulates you from electricity.
 F - a +3 quarterstaff of chaos
Missiles
 A - a curare-tipped dart
Armour
 c - a +0 hat (worn)
 j - a +0 buckler
 s - a +2 leather armour of poison resistance (worn)
 t - a +0 cloak (worn)
Jewellery
 m - a +6 ring of dexterity (left hand)
 y - an amulet of the acrobat (around neck)
Wands
 g - a wand of roots (15)
 v - a wand of light (9)
 C - a wand of paralysis (10)
Scrolls
 a - a scroll of silence
 b - 2 scrolls of immolation
 h - a scroll of fog
 l - a scroll of amnesia
 q - a scroll of poison
 u - 2 scrolls of enchant weapon
 w - a scroll of vulnerability
 x - 4 scrolls of teleportation
 z - 2 scrolls of torment
 B - a scroll of enchant armour
 E - a scroll of magic mapping {unknown}
Potions
 d - a potion of magic
 e - 2 potions of lignification
 f - a potion of mutation {unknown}
 i - 5 potions of heal wounds
 k - 4 potions of flight {unknown}
 n - 2 potions of brilliance {unknown}
 o - 9 potions of curing {unknown}
 r - 3 potions of degeneration {unknown}
 D - a potion of resistance {unknown}


   Skills:
 - Level 2.0 Fighting
 - Level 2.0 Armour
 - Level 3.0 Dodging
 - Level 3.0 Stealth
 + Level 2.5 Shields
 * Level 10.9 Spellcasting
 + Level 5.9 Conjurations
 + Level 4.8 Summonings
 - Level 1.1 Translocations
 - Level 1.0 Air Magic
 - Level 1.1 Poison Magic
 - Level 1.3 Evocations


You had 21 spell levels left.
You knew the following spells:

 Your Spells              Type           Power      Damage    Failure   Level
a - Magic Dart            Conj           100%       1d8       1%          1
b - Mephitic Cloud        Conj/Pois/Air  26%        N/A       7%          3
c - Call Imp              Summ           36%        N/A       1%          2
d - Blink                 Tloc           36%        N/A       7%          2

Your spell library contained the following spells:

 Spells                   Type           Power      Damage    Failure   Level
 Slow                     Hex            52%        N/A       7%          1
 Cigotuvi's Dreadful Rot  Necr/Pois/Air  32%        N/A       8%          2


Dungeon Overview and Level Annotations

Branches:
Dungeon (7/15)             Temple (1/1) D:5         Ossuary (1/1)

Altars:
Ashenzari
Dithmenos
Gozag
Hepliaklqana
Kikubaaqudgha
Makhleb
Nemelex Xobeh
Okawaru
Ru
Sif Muna
Uskayaw
Wu Jian
Xom
Yredelemnul
Zin
The Shining One

Shops:
D:1 *(**(   D:5 *


Message History

You feel much better. The wyvern zombie bites you!
* * * LOW HITPOINT WARNING * * *
You hit the wyvern zombie.
You destroy the wyvern zombie!
Casting: Blink (safe; 7% risk of failure)
Confirm with . or Enter, or press ? or * to list all spells.
A beastly little devil appears in a puff of frigid air.
The hornet zombie hits you but does no damage.
The hornet zombie closely misses you.
Unknown command.
You hit the hornet zombie.
The hornet zombie convulses.
The hornet zombie is lightly damaged.
The hornet zombie hits you.
* * * LOW HITPOINT WARNING * * *
Your white imp gestures at the hornet zombie.
The puff of frost hits the hornet zombie.
The hornet zombie completely resists.
Unknown command.
You catch the helpless hornet zombie completely off-guard!
You hit the hornet zombie.
The hornet zombie convulses.
The hornet zombie is moderately damaged.
The hornet zombie hits you!
* * * LOW HITPOINT WARNING * * *
Your white imp gestures at the hornet zombie.
The puff of frost hits the hornet zombie.
The hornet zombie resists.
Unknown command.
Casting: Call Imp (safe; 1% risk of failure)
Confirm with . or Enter, or press ? or * to list all spells.
You blink.
Splash!
You fall into the shallow water.
Moving in this stuff is going to be slow.
Your white imp barely misses the hornet zombie.
Unknown command.
The hornet zombie attacks as you move away!
The hornet zombie hits you but does no damage.
Found a sapphire potion, a scroll of silence and a fizzy yellow potion.
The hornet zombie hits you!
You die...

#'# '..
#.####
'.#??!
#######.'!
#≈≈≈#.~~#
#≈~~≈~###
#@Z5.~§#
##M#~#####
#...#..∩#
#≈#≈~'.∩§#
##..~#...#
#~##~#####
≈# ~~~ ≈#
#M~. .#.#


You could see 2 bog mummies, a hornet zombie (ally target) and a friendly white
imp (summoned).

Vanquished Creatures
  A wyvern (D:7)
  An orc warrior (D:6)
  A sky beast (D:6)
  A hornet zombie (Ossuary)
  2 ice beasts (D:5)
  An ogre (D:5)
  2 phantoms (D:6)
  Blork the orc (D:6)
  A kobold brigand (D:5)
  A bullfrog (D:7)
  A necrophage (D:4)
  5 scorpions
  A wyvern zombie (Ossuary)
  A howler monkey (D:5)
  2 bullfrog zombies (Ossuary)
  Crazy Yiuf (D:6)
  2 hounds
  A jelly (D:5)
  3 mummies (Ossuary)
  2 orc priests
  2 orc wizards
  2 iguanas (D:5)
  A killer bee zombie (Ossuary)
  3 gnolls (D:4)
  7 adders
  2 white imps (D:6)
  An ufetubus (D:6)
  3 dart slugs
  The ghost of sokol815 the Sneak, a weakling VSDe (D:5)
  17 orcs
  2 endoplasms
  2 giant cockroaches
  3 hobgoblins
  7 jackals
  4 quokkas
  5 ball pythons
  3 bats
  7 frilled lizards
  4 goblins
  2 kobolds
  6 rats
115 creatures vanquished.

Vanquished Creatures (collateral kills)
  2 mummies (Ossuary)
  2 orcs (D:6)
4 creatures vanquished.

Vanquished Creatures (others)
  6 withered plants (Ossuary)
6 creatures vanquished.

Grand Total: 125 creatures vanquished

Notes
Turn   | Place    | Note
-------+----------+-------------------------------------------
     0 | D:1      | pokeman the Deep Elf Hedge Wizard began the quest for the
                  | Orb.
     0 | D:1      | Reached XP level 1. HP: 10/10 MP: 7/7
   141 | D:1      | Found a faded altar of an unknown god.
   209 | D:1      | Found Reuraes's General Store.
   247 | D:1      | Found Kaaso's Assorted Antiques.
   310 | D:1      | Found Ycsathu's Assorted Antiques.
   346 | D:1      | Found Jenaefri's Antique Weapon Boutique.
   432 | D:1      | Found Urgho's Antique Weapon Shop.
   573 | D:1      | Reached XP level 2. HP: 11/16 MP: 5/9
   993 | D:2      | Reached skill level 5 in Spellcasting
  1177 | D:2      | Reached XP level 3. HP: 20/20 MP: 7/11
  1181 | D:2      | Learned a level 3 spell: Mephitic Cloud
  1184 | D:2      | Learned a level 2 spell: Call Imp
  1188 | D:2      | Learned a level 2 spell: Blink
  1216 | D:2      | Found a glowing silver altar of Zin.
  1395 | D:2      | Identified the +4 short sword of the Sufficient God {holy,
                  | rElec rC+}
  1517 | D:3      | Reached skill level 1 in Fighting
  1517 | D:3      | Reached skill level 1 in Armour
  1712 | D:3      | Found a sparkling altar of Nemelex Xobeh.
  2043 | D:3      | Found a burning altar of Makhleb.
  2043 | D:3      | Noticed an Executioner
  2265 | D:4      | Reached XP level 4. HP: 25/25 MP: 10/13
  2268 | D:4      | Noticed a necrophage
  2278 | D:4      | Killed a necrophage
  2475 | D:4      | Reached skill level 6 in Spellcasting
  2475 | D:4      | Reached XP level 5. HP: 12/29 MP: 3/15
  2545 | D:4      | Reached skill level 1 in Shields
  3471 | D:5      | Entered Level 5 of the Dungeon
  3573 | D:5      | Found a runed translucent door.
  3614 | D:5      | Noticed sokol815's ghost (weakling VSDe)
  3664 | D:5      | Reached skill level 1 in Air Magic
  3664 | D:5      | Reached XP level 6. HP: 34/34 MP: 10/17
  3740 | D:5      | Noticed an ice beast
  3753 | D:5      | Killed an ice beast
  3754 | D:5      | Reached skill level 7 in Spellcasting
  3754 | D:5      | Reached skill level 1 in Poison Magic
  3754 | D:5      | Reached skill level 1 in Evocations
  3873 | D:5      | Found a staircase to the Ecumenical Temple.
  3883 | Temple   | Entered the Ecumenical Temple
  3883 | Temple   | Found a transporter.
  3883 | Temple   | Found a transporter.
  3885 | Temple   | Found a transporter.
  3885 | Temple   | Found a transporter.
  3936 | D:5      | Found a broken altar of Ashenzari.
  4020 | D:5      | Noticed an ice beast
  4028 | D:5      | Reached XP level 7. HP: 38/38 MP: 1/20
  4337 | D:5      | Reached skill level 8 in Spellcasting
  4441 | D:5      | Found Hiesor's General Store.
  4450 | D:5      | Bought a scroll of teleportation for 36 gold pieces
  4450 | D:5      | Bought a scroll of identify for 24 gold pieces
  4450 | D:5      | Bought a scroll of identify for 24 gold pieces
  4484 | D:5      | Found a glowing golden altar of the Shining One.
  4704 | D:5      | Found an iron altar of Okawaru.
  4824 | D:5      | Killed sokol815's ghost
  4965 | D:1      | Bought a scroll of identify for 30 gold pieces
  4965 | D:1      | Bought a scroll labelled UZOUREJON for 15 gold pieces
  4965 | D:1      | Bought a sapphire potion for 13 gold pieces
  4987 | D:1      | Bought a scroll labelled ISHATHRO HILL for 18 gold pieces
  4987 | D:1      | Bought an inky potion for 16 gold pieces
  4987 | D:1      | Bought a scroll labelled LEOSABR CIVVI for 18 gold pieces
  4987 | D:1      | Bought a viscous orange potion for 16 gold pieces
  5079 | D:6      | Reached skill level 9 in Spellcasting
  5079 | D:6      | Reached XP level 8. HP: 41/44 MP: 17/23
  5155 | D:6      | Noticed Blork the orc
  5167 | D:6      | Killed Blork the orc
  5518 | D:6      | Found a runed translucent door.
  5519 | D:6      | Noticed Crazy Yiuf
  5706 | D:6      | Reached skill level 5 in Conjurations
  5851 | D:6      | Reached skill level 10 in Spellcasting
  6270 | D:6      | Killed Crazy Yiuf
  6522 | D:7      | Found a sand-covered staircase.
  6528 | Ossuary  | Entered an ossuary
  6566 | Ossuary  | Reached XP level 9. HP: 28/48 MP: 21/25
  6775 | Ossuary  | Slain by a hornet zombie

Illustrated notes

Levels and vault maps discovered:
D:1:      lightli_arrival_flooded_house, layout_rooms, serial_shops,
          nicolae_shop_behind_doors, nicolae_square_shop, shop,
          nicolae_shop_stone, nicolae_square_shop,
          hellmonk_ecumenical_altar_crossroads, minmay_misc_feat_tiny
D:2:      layout_rooms, basic_altar
D:3:      layout_loops_ring, nemelex_xobeh_ov_fountains_minmay,
          makhleb_altar_promises_db
D:4:      layout_basic
D:5:      minmay_angry_zag, layout_loops_ring, kennysheep_mini,
          overflow_temple_1_default, lemuel_doored_altar,
          minmay_temple_entry_slanted, ebering_ghost_inner_flame, serial_shops,
          nicolae_shop_advertising_works [nicolae_subvault_shop_adworks]
D:6:      layout_loops_ring, uniq_crazy_yiuf_cottage, uniq_blork_the_orc
D:7:      layout_loops_corners, elyvilon_altar_3,
          lightli_ossuary_entry_decrepit_ruins, gammafunk_ghost_cemetery,
          uniq_pikel
Temple:   hellmonk_temple_divided_pantheon
Ossuary:  ossuary_zaba_flooded

Skill      XL: |  1  2  3  4  5  6  7  8 |
---------------+-------------------------+-----
Spellcasting   | 5 6 7 9 10 | 10.9
Fighting       | 1 2 |  2.0
Armour         | 1 2 |  2.0
Conjurations   | 2 3 4 5 |  5.9
Dodging        | 3 |  3.0
Shields        | 1 2 |  2.5
Stealth        | 3 |  3.0
Air Magic      | 1 |  1.0
Poison Magic   | 1 |  1.1
Evocations     | 1 |  1.3
Summonings     | 3 4 |  4.8
Translocations | |  1.1

Action                   |  1- 3 |  4- 6 |  7- 9 || total
-------------------------+-------+-------+-------++-------
Melee: Dagger            |    26 |       |       ||    26
       Punch             |     1 |       |     3 ||     4
       Short sword       |     4 |    51 |   109 ||   164
 Cast: Magic Dart        |    87 |    81 |   130 ||   298
       Call Imp          |       |     5 |    14 ||    19
       Mephitic Cloud    |       |     5 |    10 ||    15
       Blink             |       |       |     2 ||     2
  Use: Scroll            |       |       |    11 ||    11
       Potion            |       |       |     1 ||     1
 Stab: Sleeping          |     2 |       |     1 ||     3
       Confused          |       |     3 |     8 ||    11
       Distracted        |       |       |     1 ||     1
Armor: Robe              |    13 |     2 |       ||    15
       Leather armour    |       |    18 |    36 ||    54
Dodge: Dodged            |    41 |    35 |    71 ||   147

Table legend: (Time is in decaauts)
 A = Elapsed time spent in this place.
 B = Non-inter-level travel time spent in this place.
 C = Inter-level travel time spent in this place.
 D = Time resting spent in this place.
 E = Time spent auto-exploring this place.
 F = Levels seen in this place.
 G = Mean time per level.
                   A        B        C        D        E       F      G
               +--------+--------+--------+--------+--------+-----+--------+
         Total |   6780 |   6497 |    283 |    287 |   5041 |   9 |  753.3 |
       Dungeon |   6395 |   6119 |    276 |     47 |   5035 |   7 |  913.6 |
        Temple |    137 |    130 |      7 |     97 |      1 |   1 |  137.0 |
       Ossuary |    248 |    248 |      0 |    143 |      5 |   1 |  248.0 |
               +--------+--------+--------+--------+--------+-----+--------+

Top non-repeatable levels by time:
     D:5: 1302 daAuts
     D:6: 1294 daAuts
     D:4: 1257 daAuts
     D:1: 849 daAuts
     D:3: 782 daAuts
     D:2: 731 daAuts
 Ossuary: 248 daAuts
     D:7: 176 daAuts
  Temple: 137 daAuts
